 Dungeon Crawl Stone Soup version 0.31-a0-1589-g8f5e8aebd6 (webtiles) character file.

Game seed: 1206450888777873615

1687 Atlas the Grappler (level 8, -16/74 HPs)
             Began as a Troll Shapeshifter on Jan 6, 2024.
             Was an Initiate of Gozag.
             Demolished by a two-headed ogre
             ... wielding a +0 giant club
              (21 damage)
             ... on level 6 of the Dungeon.
             The game lasted 00:05:44 (3979 turns).

Atlas the Grappler (Troll Shapeshifter)             Turns: 3979, Time: 00:05:45

Health: -16/74     AC:  4    Str: 31    XL:     8   Next: 71%
Magic:  7/7        EV: 10    Int:  6    God:    Gozag
Gold:   387        SH:  0    Dex:  9    Spells: 7/7 levels left

rFire   . .          .
                       - Unarmed
rCold   . . .        (no shield)
rNeg    . . .        a - +0 animal skin
rPois   .            (helmet currently unavailable)
rElec   .            (cloak currently unavailable)
rCorr   .            (gloves unavailable)
SInv    .            (boots unavailable)
Will    .....        F - amulet of the acrobat
Stlth   +            i - +6 ring of strength
HPRegen 1.12/turn    (no ring)
MPRegen 0.10/turn

%: acrobat
@: beast-form, marked
A: beast (slay +3), large, unfitting armour, claws 3, regeneration 1, shaggy fur
1, tough skin 1
a: Begin Untransformation, Renounce Religion, Potion Petition, Call Merchant,
Bribe Branch


You were on level 6 of the Dungeon.
You worshipped Gozag.
Gozag was aware of your devotion.
You were a hulking beast.
You visited 2 branches of the dungeon, and saw 7 of its levels.

You collected 485 gold pieces.
You paid 98 gold pieces to Gozag.

Inventory:

Armour
 a - a +0 animal skin (worn)
Jewellery
 i - a +6 ring of strength (left claw)
 v - a ring of wizardry
 B - a +6 ring of intelligence
 F - an amulet of the acrobat (around neck)
Talismans
 c - a beast talisman
 d - a flux talisman
 q - a blade talisman
Wands
 E - a wand of light (9)
Scrolls
 j - 5 scrolls of noise {unknown}
 k - 3 scrolls of identify {unknown}
 n - 2 scrolls of revelation {unknown}
 o - a scroll of teleportation {unknown}
 r - a scroll of poison {unknown}
 s - a scroll of fog {unknown}
 t - a scroll of butterflies {unknown}
 w - a scroll of immolation {unknown}
 y - a scroll of fear {unknown}
 C - a scroll of enchant weapon {unknown}
Potions
 b - 2 potions of lignification
 e - a potion of brilliance
 f - 2 potions of invisibility {unknown}
 g - a potion of mutation {unknown}
 h - 4 potions of curing {unknown}
 l - 2 potions of degeneration {unknown}
 m - 2 potions of berserk rage {unknown}
 p - a potion of magic {unknown}
 u - 2 potions of might {unknown}
 x - a potion of heal wounds {unknown}
 z - a potion of attraction {unknown}
 A - a potion of ambrosia {unknown}
 D - a potion of enlightenment {unknown}


   Skills:
 + Level 2.4 Fighting
 + Level 4.2 Dodging
 + Level 1.1 Stealth
 + Level 8.1 Unarmed Combat
 * Level 5.9 Shapeshifting


You had 7 spell levels left.
You didn't know any spells.
Your spell library contained the following spells:

 Spells                   Type           Power      Damage    Failure   Level
 Magic Dart               Conj           0%         1d3       45%         1
 Blink                    Tloc           0%         N/A       58%         2
 Call Imp                 Summ           0%         N/A       58%         2
 Cigotuvi's Dreadful Rot  Necr/Alch/Air  0%         N/A       58%         2
 Mercury Vapours          Alch/Air       0%         N/A       58%         2
 Anguish                  Hex/Necr       0%         N/A       99%         4
 Cause Fear               Hex            0%         N/A       99%         4
 Leda's Liquefaction      Alch/Erth      0%         N/A       99%         4
 Sculpt Simulacrum        Ice/Alch       0%         N/A       100%        6
 Summon Cactus Giant      Summ           0%         N/A       100%        6
 Enfeeble                 Hex            0%         N/A       100%        7


Dungeon Overview and Level Annotations

Branches:
Dungeon (6/15)             Temple (1/1) D:4

Altars:
Ashenzari
Dithmenos
Fedhas
Gozag
Hepliaklqana
Kikubaaqudgha
Makhleb
Nemelex Xobeh
Qazlal
Ru
Wu Jian
Xom
Yredelemnul
The Shining One

Shops:
D:4 (!

Annotations:
Temple 2 transporters


Innate Abilities, Weirdness & Mutations

You are a hulking beast.
Your limbs bulge with bestial killing power. (Slay +3)
You are too large for most types of armour.
You have claws for hands.
Your natural rate of healing is unusually fast.
You are covered in fur. (AC +1)
You have tough skin. (AC +1)


Message History

You mangle the adder!!
You kill the adder!
A phantom comes into view.
The hound completely misses you.
There are monsters nearby!
You claw the hound!
You kill the hound!
Your Unarmed Combat skill increases to level 8!
A two-headed ogre comes into view. It is wielding two +0 giant clubs.
The phantom completely misses you.
You scratch the phantom.
The phantom is lightly damaged.
You barely miss the phantom.
The phantom is lightly damaged.
The phantom completely misses you.
You mangle the phantom!!
You destroy the phantom!
A scorpion comes into view.
The scorpion is distracted by your dazzling golden aura.
You scratch the two-headed ogre.
The two-headed ogre is lightly wounded.
The two-headed ogre hits you with a +0 giant club!!
The two-headed ogre hits you with a +0 giant club!
You are too injured to fight recklessly!
You are too injured to fight recklessly!
You are too injured to fight recklessly!
You completely miss the two-headed ogre.
You claw the two-headed ogre!
The two-headed ogre is moderately wounded.
You scratch the two-headed ogre.
The two-headed ogre is heavily wounded.
The two-headed ogre closely misses you.
The two-headed ogre hits you with a +0 giant club!
You scratch the two-headed ogre.
The two-headed ogre is heavily wounded.
The two-headed ogre hits you with a +0 giant club!!
* * * LOW HITPOINT WARNING * * *
The two-headed ogre hits you with a +0 giant club!!
You die...
Your body crumbles into a pile of gold.

...................
...................
#...................
#...................
#...................
#...................
#.......$.......s...
#...........hO......
#.....$.............
#..................
#.........$........
.
#..................
..
#..................
...
#...................
....
##..................
......
##................
.......


You could see a two-headed ogre and a scorpion.

Vanquished Creatures
  A steam dragon (D:6)
  2 water moccasins
  Duvessa (D:6)
  An ogre (D:6)
  2 centaurs (D:5)
  A phantom (D:6)
  A bullfrog (D:6)
  A scorpion (D:5)
  Dowan (D:6)
  2 howler monkeys
  4 hounds
  A jelly (D:4)
  2 bombardier beetles
  An orc priest (D:5)
  A gnoll bouda (D:4)
  A sleepcap (D:5)
  2 iguanas
  Natasha (D:3)
  3 orc wizards
  8 adders
  3 gnolls (D:4)
  A shadow imp (D:6)
  11 dart slugs
  2 ribbon worms
  20 orcs
  7 ball pythons
  5 bats
  6 endoplasms
  6 hobgoblins
  3 jackals (D:3)
  8 kobolds
  6 quokkas
  4 frilled lizards (D:1)
  10 goblins
  3 rats
132 creatures vanquished.

Notes
Turn   | Place    | Note
-------+----------+-------------------------------------------
     0 | D:1      | Atlas the Troll Shapeshifter began the quest for the Orb.
     0 | D:1      | Reached XP level 1. HP: 18/18 MP: 0/0
    61 | D:1      | Reached XP level 2. HP: 26/26 MP: 1/1
   457 | D:2      | Reached XP level 3. HP: 24/32 MP: 2/2
   475 | D:2      | Reached skill level 1 in Fighting
   557 | D:2      | Reached skill level 4 in Unarmed Combat
   750 | D:2      | Reached XP level 4. HP: 36/41 MP: 3/3
  1322 | D:3      | Found a stormy altar of Qazlal.
  1352 | D:3      | Got the Annotations on Leadership and the Hornet
  1371 | D:3      | Noticed Natasha
  1377 | D:3      | Killed Natasha
  1378 | D:3      | Reached XP level 5. HP: 33/48 MP: 4/4
  1615 | D:4      | You fall into a shaft and drop 1 floor!
  1615 | D:5      | Entered Level 5 of the Dungeon
  1618 | D:5      | Noticed a centaur
  1625 | D:5      | Found a hazy altar of Hepliaklqana.
  1653 | D:5      | Reached skill level 5 in Unarmed Combat
  1722 | D:4      | Reached XP level 6. HP: 13/55 MP: 5/5
  1829 | D:5      | Noticed a water moccasin
  1839 | D:5      | Killed a water moccasin
  1840 | D:5      | Reached skill level 6 in Unarmed Combat
  1840 | D:5      | Reached XP level 7. HP: 21/63 MP: 6/6
  2418 | D:4      | Found a broken altar of Ashenzari.
  2426 | D:4      | Found Atalel's Distillery.
  2439 | D:4      | Reached skill level 5 in Shapeshifting
  2615 | D:4      | Found Zyffilo's Weapon Shoppe.
  2793 | D:4      | Found a staircase to the Ecumenical Temple.
  2821 | Temple   | Found a transporter.
  2821 | Temple   | Found a transporter.
  2821 | Temple   | Found a transporter.
  2821 | Temple   | Found a transporter.
  2821 | Temple   | Entered the Ecumenical Temple
  2851 | Temple   | Became a worshipper of Gozag Ym Sagoz the Greedy
  3397 | D:6      | Noticed a steam dragon
  3415 | D:6      | Killed a steam dragon
  3416 | D:6      | Reached XP level 8. HP: 25/72 MP: 7/7
  3612 | D:6      | Noticed Duvessa
  3612 | D:6      | Noticed Dowan
  3627 | D:6      | Killed Duvessa
  3628 | D:6      | Reached skill level 7 in Unarmed Combat
  3659 | D:6      | Killed Dowan
  3699 | D:6      | Reached skill level 1 in Stealth
  3969 | D:6      | Reached skill level 8 in Unarmed Combat
  3970 | D:6      | Noticed a two-headed ogre
  3979 | D:6      | Demolished by a two-headed ogre

Illustrated notes

Levels and vault maps discovered:
D:1:      scummos_arrival_simple_fountains, layout_rooms
D:2:      layout_basic, minmay_pentomino_pile
D:3:      layout_rooms, nicolae_qazlal_scattered_showers, uniq_natasha
D:4:      layout_gridville, mainiacjoe_overflow_six_doors_small,
          minmay_temple_entry_drinking_statues, serial_shops, shop, shop_statue,
          nicolae_shop_rolling_square, minivault_4, grunt_ministairs_15
D:5:      kennysheep_slugbush, layout_basic, kennysheep_mini,
          kb_lookout_dungeons_type
D:6:      layout_layer_cave, uniq_duvessa
Temple:   hellmonk_temple_divided_pantheon

Skill      XL: |  1  2  3  4  5  6  7  8 |
---------------+-------------------------+-----
Dodging        | 2 3 4 |  4.2
Fighting       | 1 2 |  2.4
Unarmed Combat | 4 5 6 8 |  8.1
Shapeshifting  | 4 5 |  5.9
Stealth        | 1 |  1.1

Action                     |  1- 3 |  4- 6 |  7- 9 || total
---------------------------+-------+-------+-------++-------
  Melee: Unarmed           |    91 |   113 |   133 ||   337
         Punch             |     1 |     3 |     3 ||     7
    Use: Potion            |       |     2 |       ||     2
   Stab: Sleeping          |       |     1 |       ||     1
 Armour: Animal skin       |    71 |    76 |    94 ||   241
         Skin              |       |    90 |    12 ||   102
  Dodge: Dodged            |    50 |    29 |    71 ||   150

Table legend: (Time is in decaauts)
 A = Elapsed time spent in this place.
 B = Non-inter-level travel time spent in this place.
 C = Inter-level travel time spent in this place.
 D = Time resting spent in this place.
 E = Time spent auto-exploring this place.
 F = Levels seen in this place.
 G = Mean time per level.
                   A        B        C        D        E       F      G
               +--------+--------+--------+--------+--------+-----+--------+
         Total |   3945 |   3742 |    203 |     70 |   2792 |   7 |  563.6 |
       Dungeon |   3896 |   3693 |    203 |     70 |   2792 |   6 |  649.3 |
        Temple |     49 |     49 |      0 |      0 |      0 |   1 |   49.0 |
               +--------+--------+--------+--------+--------+-----+--------+

Top non-repeatable levels by time:
     D:5: 978 daAuts
     D:4: 795 daAuts
     D:2: 701 daAuts
     D:6: 599 daAuts
     D:1: 432 daAuts
     D:3: 389 daAuts
  Temple: 49 daAuts
